[ PARTIDA AOE2 · #474047530 ]
UnrankedBorgoñones vs Vietnamese
[ ANÁLISIS DE REPETICIÓN · EXTRAÍDO DE LA PARTIDA GRABADA ]
Feudal
14:45
Castillos
19:30
Imperial
—
| APM promedio | 33.6 |
| APM pico | 64 |
| eAPM promedio | 17.3 |
| Aldeanos / militares | 75 / 28 |
Foco
⚔️ 25.3% · 🌾 74.7%
Coustillier ×23 · Fishing Ship ×8 · Battering Ram ×5 · Unknown (2626) ×1
Feudal
14:03
Castillos
17:58
Imperial
28:32
| APM promedio | 22.5 |
| APM pico | 53 |
| eAPM promedio | 12.8 |
| Aldeanos / militares | 98 / 15 |
Foco
⚔️ 13.3% · 🌾 86.7%
Fishing Ship ×20 · Monk ×8 · Spearman ×6 · Mangonel ×1
Feudal
13:05
Castillos
17:50
Imperial
31:38
| APM promedio | 51.3 |
| APM pico | 96 |
| eAPM promedio | 24.6 |
| Aldeanos / militares | 121 / 64 |
Foco
⚔️ 32.8% · 🌾 67.2%
Rattan Archer ×56 · Fishing Ship ×15 · Trebuchet (Packed) ×8
Feudal
15:49
Castillos
20:04
Imperial
—
| APM promedio | 45.5 |
| APM pico | 92 |
| eAPM promedio | 24.9 |
| Aldeanos / militares | 113 / 38 |
Foco
⚔️ 34.0% · 🌾 66.0%
Mangudai ×26 · Petard ×8 · Fishing Ship ×8 · Battering Ram ×4
Feudal
13:12
Castillos
21:51
Imperial
—
| APM promedio | 46.7 |
| APM pico | 120 |
| eAPM promedio | 17.8 |
| Aldeanos / militares | 57 / 13 |
Foco
⚔️ 31.6% · 🌾 68.4%
Scout Cavalry ×9 · Monk ×4 · Fishing Ship ×3 · Unknown (2626) ×1
Feudal
14:56
Castillos
18:36
Imperial
—
| APM promedio | 62.2 |
| APM pico | 127 |
| eAPM promedio | 40.3 |
| Aldeanos / militares | 131 / 11 |
Foco
⚔️ 61.8% · 🌾 38.2%
Unknown (1949) ×55 · Fishing Ship ×17 · Monk ×6 · Battering Ram ×5 · Unknown (2626) ×2
Mapa de la partida
Recursos iniciales + cada clic de construcción. Líneas = muros · curvas = relieve. ◆ oro · ⬟ piedra · ● bayas · ✦ reliquia · ◌ hueco del cierre
Tu base· Abierta — hueco de 6t
Base de aunclelikegod02· Abierta — flanco sin cerrar
Base de ツ Xuma· Abierta — flanco sin cerrar
Base de Solusvod· Abierta — hueco de 4t
Base de 中方县最后一个老实人· Abierta — flanco sin cerrar
Base de HaraKiri· Abierta — hueco de 8t
Terreno inicial suavizado · ◌ = hueco del cierre detectado · pasá el cursor para detalles
Inputs por minuto
— tukoo - - aunclelikegod02
Build order — tukoo
Primeras 150 de 202 acciones detectadas
| 1:33 | Construir | Town Center |
| 1:44 | Construir | House |
| 1:49 | Construir | Dock |
| 1:55 | Construir | Palisade Wall |
| 1:57 | Construir | Palisade Wall |
| 3:49 | Crear | Villager (Male) |
| 3:51 | Crear | Villager (Male) |
| 4:11 | Crear | Villager (Male) |
| 4:16 | Crear | Villager (Male) |
| 4:24 | Investigar | Loom |
| 4:24 | Crear | Villager (Male) |
| 5:06 | Crear | Fishing Ship |
| 5:08 | Crear | Villager (Male) |
| 5:56 | Construir | House |
| 6:15 | Crear | Villager (Male) |
| 6:40 | Crear | Villager (Male) |
| 6:45 | Crear | Fishing Ship |
| 7:10 | Crear | Villager (Male) |
| 7:35 | Crear | Fishing Ship |
| 7:37 | Crear | Villager (Male) |
| 7:41 | Construir | House |
| 8:03 | Crear | Villager (Male) |
| 8:14 | Construir | House |
| 8:19 | Crear | Villager (Male) |
| 8:40 | Crear | Villager (Male) |
| 8:43 | Crear | Fishing Ship |
| 8:54 | Crear | Villager (Male) |
| 9:25 | Crear | Villager (Male) |
| 9:30 | Construir | House |
| 9:53 | Crear | Villager (Male) |
| 10:10 | Crear | Villager (Male) |
| 10:15 | Construir | House |
| 10:28 | Construir | Mill |
| 10:41 | Crear | Villager (Male) |
| 10:52 | Construir | House |
| 11:45 | Crear | Villager (Male) |
| 11:51 | Crear | Villager (Male) |
| 12:10 | Construir | House |
| 12:17 | Construir | House |
| 12:21 | Investigar | Feudal Age |
| 12:21 | Investigar | Feudal Age |
| 12:27 | Construir | Mining Camp |
| 12:38 | Construir | Palisade Wall |
| 13:27 | Crear | Villager (Male) |
| 13:46 | Crear | Villager (Male) |
| 13:57 | Crear | Fishing Ship |
| 14:06 | Crear | Villager (Male) |
| 14:15 | Construir | Mining Camp |
| 14:45 | Edad | Edad Feudal |
| 14:52 | Construir | Market |
| 14:54 | Construir | Palisade Wall |
| 15:15 | Crear | Villager (Male) |
| 15:30 | Construir | Blacksmith |
| 15:38 | Crear | Fishing Ship |
| 15:57 | Construir | Stone Wall |
| 15:58 | Construir | Stone Wall |
| 16:10 | Crear | Villager (Male) |
| 16:21 | Construir | Gate |
| 16:25 | Construir | House |
| 16:36 | Crear | Villager (Male) |
| 16:43 | Investigar | Castle Age |
| 16:43 | Investigar | Castle Age |
| 16:53 | Construir | House |
| 16:56 | Construir | House |
| 17:04 | Investigar | Wheelbarrow |
| 17:15 | Construir | Lumber Camp |
| 17:46 | Construir | Outpost |
| 18:00 | Crear | Villager (Male) |
| 18:29 | Crear | Villager (Male) |
| 18:33 | Investigar | Double-Bit Axe |
| 18:51 | Crear | Villager (Male) |
| 19:26 | Construir | Dock |
| 19:30 | Edad | Edad de los Castillos |
| 20:02 | Crear | Villager (Male) |
| 20:10 | Construir | Town Center |
| 20:16 | Construir | Stone Wall |
| 20:17 | Construir | Stone Wall |
| 20:18 | Construir | Stone Wall |
| 20:23 | Crear | Villager (Male) |
| 20:30 | Investigar | Bow Saw |
| 20:33 | Investigar | Horse Collar |
| 20:34 | Crear | Villager (Male) |
| 20:43 | Crear | Unit 2626 |
| 20:59 | Crear | Villager (Male) |
| 21:15 | Crear | Villager (Male) |
| 21:23 | Crear | Villager (Male) |
| 21:26 | Crear | Villager (Male) |
| 21:36 | Crear | Villager (Male) |
| 21:59 | Construir | Gate |
| 22:01 | Construir | Stone Wall |
| 22:06 | Construir | Town Center |
| 22:07 | Crear | Villager (Male) |
| 22:08 | Crear | Villager (Male) |
| 22:10 | Crear | Villager (Male) |
| 22:11 | Crear | Villager (Male) |
| 22:19 | Crear | Villager (Male) |
| 22:25 | Crear | Villager (Male) |
| 22:27 | Crear | Villager (Male) |
| 22:34 | Construir | Stone Wall |
| 22:35 | Construir | Stone Wall |
| 22:40 | Investigar | Hand Cart |
| 22:45 | Investigar | Stone Mining |
| 22:49 | Crear | Villager (Male) |
| 23:05 | Crear | Villager (Male) |
| 23:22 | Crear | Villager (Male) |
| 23:40 | Construir | Castle |
| 23:44 | Crear | Villager (Male) |
| 23:47 | Crear | Villager (Male) |
| 23:56 | Construir | House |
| 24:09 | Construir | Siege Workshop |
| 24:18 | Investigar | Gold Mining |
| 24:20 | Crear | Villager (Male) |
| 24:23 | Investigar | Scale Barding Armor |
| 24:23 | Investigar | Scale Barding Armor |
| 24:27 | Construir | Farm |
| 24:28 | Crear | Villager (Male) |
| 24:30 | Construir | Stone Wall |
| 24:41 | Crear | Villager (Male) |
| 24:55 | Construir | Farm |
| 24:55 | Crear | Villager (Male) |
| 25:02 | Crear | Villager (Male) |
| 25:05 | Construir | Gate |
| 25:06 | Construir | Stone Wall |
| 25:09 | Crear | Villager (Male) |
| 25:16 | Crear | Battering Ram |
| 25:19 | Crear | Battering Ram |
| 25:34 | Construir | Mining Camp |
| 25:35 | Crear | Coustillier |
| 25:39 | Crear | Villager (Male) |
| 25:51 | Crear | Villager (Male) |
| 25:53 | Construir | Barracks |
| 25:56 | Crear | Coustillier |
| 26:05 | Crear | Fishing Ship |
| 26:18 | Investigar | Fletching |
| 26:21 | Crear | Coustillier |
| 26:25 | Crear | Battering Ram |
| 26:30 | Construir | Farm |
| 26:30 | Crear | Villager (Male) |
| 26:51 | Construir | House |
| 26:55 | Crear | Coustillier |
| 27:15 | Crear | Coustillier |
| 27:26 | Crear | Coustillier |
| 27:29 | Construir | Farm |
| 27:30 | Construir | Farm |
| 27:31 | Construir | Farm |
| 27:33 | Crear | Villager (Male) |
| 27:50 | Crear | Villager (Male) |
| 27:58 | Construir | Farm |
| 28:01 | Construir | Farm |
| 28:03 | Construir | Farm |
Build order — aunclelikegod02
Primeras 150 de 199 acciones detectadas
| 0:07 | Construir | Town Center |
| 0:25 | Construir | Dock |
| 0:26 | Construir | House |
| 2:37 | Crear | Villager (Male) |
| 2:38 | Crear | Villager (Male) |
| 2:38 | Crear | Villager (Male) |
| 2:38 | Crear | Villager (Male) |
| 3:52 | Construir | Palisade Wall |
| 3:53 | Construir | Palisade Wall |
| 4:07 | Crear | Villager (Male) |
| 4:07 | Crear | Villager (Male) |
| 4:22 | Crear | Fishing Ship |
| 4:45 | Investigar | Loom |
| 4:53 | Construir | House |
| 5:14 | Crear | Villager (Male) |
| 5:14 | Crear | Villager (Male) |
| 5:15 | Crear | Villager (Male) |
| 5:45 | Crear | Villager (Male) |
| 5:50 | Crear | Villager (Male) |
| 5:51 | Crear | Fishing Ship |
| 5:51 | Crear | Fishing Ship |
| 6:12 | Construir | House |
| 6:37 | Crear | Villager (Male) |
| 6:37 | Crear | Villager (Male) |
| 6:57 | Crear | Villager (Male) |
| 6:59 | Crear | Fishing Ship |
| 6:59 | Crear | Fishing Ship |
| 7:26 | Crear | Villager (Male) |
| 7:26 | Crear | Villager (Male) |
| 7:29 | Crear | Fishing Ship |
| 7:31 | Crear | Villager (Male) |
| 7:50 | Construir | House |
| 7:57 | Crear | Villager (Male) |
| 7:57 | Crear | Villager (Male) |
| 8:27 | Construir | House |
| 8:28 | Crear | Fishing Ship |
| 8:28 | Crear | Fishing Ship |
| 8:30 | Crear | Villager (Male) |
| 8:30 | Crear | Villager (Male) |
| 8:54 | Crear | Fishing Ship |
| 9:23 | Crear | Fishing Ship |
| 9:26 | Crear | Villager (Male) |
| 10:02 | Crear | Fishing Ship |
| 10:06 | Crear | Villager (Male) |
| 10:36 | Crear | Villager (Male) |
| 11:01 | Construir | House |
| 11:19 | Construir | Mining Camp |
| 11:26 | Crear | Fishing Ship |
| 11:49 | Investigar | Feudal Age |
| 13:04 | Construir | Dock |
| 13:05 | Construir | House |
| 13:24 | Construir | Mill |
| 13:54 | Crear | Villager (Male) |
| 13:55 | Crear | Villager (Male) |
| 14:03 | Edad | Edad Feudal |
| 14:11 | Construir | Blacksmith |
| 14:19 | Construir | Market |
| 14:23 | Crear | Villager (Male) |
| 14:29 | Construir | Lumber Camp |
| 14:46 | Crear | Fishing Ship |
| 15:00 | Construir | House |
| 15:10 | Investigar | Castle Age |
| 15:15 | Investigar | Double-Bit Axe |
| 15:27 | Crear | Fishing Ship |
| 15:40 | Crear | Fishing Ship |
| 15:40 | Crear | Fishing Ship |
| 16:20 | Construir | Outpost |
| 16:26 | Crear | Fishing Ship |
| 16:27 | Crear | Fishing Ship |
| 17:09 | Construir | Barracks |
| 17:18 | Crear | Fishing Ship |
| 17:20 | Crear | Fishing Ship |
| 17:52 | Crear | Villager (Male) |
| 17:52 | Crear | Villager (Male) |
| 17:52 | Crear | Villager (Male) |
| 17:58 | Edad | Edad de los Castillos |
| 17:59 | Construir | Monastery |
| 18:08 | Crear | Spearman |
| 18:11 | Investigar | Bow Saw |
| 18:11 | Investigar | Bow Saw |
| 18:13 | Construir | House |
| 18:14 | Construir | House |
| 18:15 | Construir | House |
| 18:25 | Crear | Villager (Male) |
| 18:27 | Crear | Monk |
| 18:28 | Crear | Monk |
| 19:09 | Construir | Town Center |
| 19:10 | Crear | Villager (Male) |
| 19:11 | Crear | Villager (Male) |
| 19:19 | Crear | Monk |
| 19:40 | Crear | Villager (Male) |
| 19:43 | Investigar | Tech 906 |
| 19:43 | Investigar | Tech 906 |
| 20:16 | Construir | Town Center |
| 20:36 | Crear | Villager (Male) |
| 20:36 | Crear | Villager (Male) |
| 20:37 | Crear | Villager (Male) |
| 20:37 | Crear | Villager (Male) |
| 20:39 | Crear | Monk |
| 20:46 | Crear | Villager (Male) |
| 20:46 | Crear | Villager (Male) |
| 20:47 | Crear | Villager (Male) |
| 21:10 | Crear | Villager (Male) |
| 21:14 | Investigar | Gillnets |
| 21:17 | Crear | Villager (Male) |
| 21:17 | Crear | Villager (Male) |
| 21:17 | Crear | Villager (Male) |
| 21:18 | Crear | Villager (Male) |
| 21:19 | Crear | Villager (Male) |
| 21:28 | Crear | Spearman |
| 21:29 | Crear | Spearman |
| 21:54 | Crear | Villager (Male) |
| 21:54 | Crear | Villager (Male) |
| 21:58 | Crear | Monk |
| 22:14 | Construir | House |
| 22:14 | Construir | House |
| 22:15 | Construir | House |
| 22:33 | Construir | Farm |
| 22:34 | Construir | Farm |
| 22:34 | Construir | Farm |
| 22:36 | Construir | Farm |
| 22:37 | Construir | Farm |
| 22:38 | Construir | Farm |
| 22:58 | Crear | Villager (Male) |
| 22:59 | Crear | Villager (Male) |
| 22:59 | Crear | Villager (Male) |
| 23:10 | Construir | University |
| 23:11 | Crear | Villager (Male) |
| 23:12 | Crear | Villager (Male) |
| 23:12 | Crear | Villager (Male) |
| 23:45 | Construir | Siege Workshop |
| 23:47 | Crear | Villager (Male) |
| 23:47 | Crear | Villager (Male) |
| 23:53 | Crear | Villager (Male) |
| 23:54 | Crear | Villager (Male) |
| 23:56 | Crear | Villager (Male) |
| 24:07 | Crear | Spearman |
| 24:07 | Crear | Spearman |
| 24:07 | Crear | Spearman |
| 24:09 | Crear | Mangonel |
| 24:13 | Construir | Lumber Camp |
| 25:22 | Investigar | Imperial Age |
| 25:34 | Crear | Villager (Male) |
| 25:34 | Crear | Villager (Male) |
| 25:35 | Crear | Villager (Male) |
| 25:35 | Crear | Villager (Male) |
| 25:53 | Construir | Town Center |
| 25:54 | Crear | Villager (Male) |
| 25:55 | Crear | Villager (Male) |
| 25:57 | Crear | Villager (Male) |
Build order — ツ Xuma
Primeras 150 de 310 acciones detectadas
| 0:11 | Construir | Town Center |
| 0:26 | Construir | Dock |
| 0:27 | Construir | House |
| 2:28 | Crear | Villager (Male) |
| 2:28 | Crear | Villager (Male) |
| 2:29 | Crear | Villager (Male) |
| 2:33 | Crear | Villager (Male) |
| 3:29 | Crear | Fishing Ship |
| 3:29 | Crear | Fishing Ship |
| 3:57 | Crear | Villager (Male) |
| 3:57 | Crear | Villager (Male) |
| 4:03 | Construir | House |
| 4:31 | Crear | Villager (Male) |
| 4:32 | Crear | Villager (Male) |
| 4:32 | Crear | Villager (Male) |
| 4:59 | Crear | Villager (Male) |
| 4:59 | Crear | Villager (Male) |
| 5:17 | Crear | Fishing Ship |
| 5:18 | Crear | Fishing Ship |
| 5:21 | Crear | Villager (Male) |
| 5:21 | Crear | Villager (Male) |
| 5:32 | Construir | House |
| 5:53 | Crear | Villager (Male) |
| 5:53 | Crear | Villager (Male) |
| 6:11 | Crear | Villager (Male) |
| 6:12 | Crear | Villager (Male) |
| 6:17 | Crear | Fishing Ship |
| 6:18 | Crear | Fishing Ship |
| 6:39 | Construir | House |
| 6:41 | Crear | Villager (Male) |
| 6:41 | Crear | Villager (Male) |
| 7:04 | Crear | Fishing Ship |
| 7:04 | Crear | Fishing Ship |
| 7:06 | Crear | Villager (Male) |
| 7:06 | Crear | Villager (Male) |
| 7:07 | Crear | Villager (Male) |
| 7:31 | Crear | Villager (Male) |
| 7:47 | Crear | Fishing Ship |
| 7:47 | Crear | Fishing Ship |
| 7:58 | Crear | Villager (Male) |
| 7:58 | Crear | Villager (Male) |
| 8:03 | Construir | House |
| 8:05 | Crear | Villager (Male) |
| 8:20 | Crear | Villager (Male) |
| 8:20 | Crear | Villager (Male) |
| 8:25 | Crear | Fishing Ship |
| 8:49 | Crear | Fishing Ship |
| 8:57 | Crear | Villager (Male) |
| 9:20 | Crear | Fishing Ship |
| 9:28 | Construir | House |
| 9:30 | Crear | Villager (Male) |
| 9:55 | Crear | Fishing Ship |
| 10:34 | Construir | Mining Camp |
| 10:49 | Crear | Fishing Ship |
| 10:55 | Investigar | Feudal Age |
| 10:56 | Investigar | Feudal Age |
| 11:09 | Investigar | Loom |
| 11:09 | Investigar | Loom |
| 11:33 | Construir | Mining Camp |
| 11:39 | Construir | House |
| 11:46 | Crear | Villager (Male) |
| 11:55 | Construir | Lumber Camp |
| 13:04 | Construir | Mill |
| 13:05 | Edad | Edad Feudal |
| 13:19 | Construir | Blacksmith |
| 13:23 | Construir | Palisade Wall |
| 13:24 | Crear | Villager (Male) |
| 13:25 | Crear | Villager (Male) |
| 14:02 | Crear | Villager (Male) |
| 14:13 | Construir | Market |
| 14:18 | Investigar | Double-Bit Axe |
| 14:36 | Construir | House |
| 14:59 | Construir | House |
| 15:01 | Investigar | Castle Age |
| 15:01 | Investigar | Castle Age |
| 15:09 | Construir | House |
| 15:34 | Investigar | Horse Collar |
| 15:35 | Investigar | Horse Collar |
| 15:48 | Investigar | Fletching |
| 15:48 | Investigar | Fletching |
| 15:55 | Crear | Villager (Male) |
| 16:13 | Construir | Palisade Wall |
| 16:14 | Construir | Palisade Wall |
| 16:21 | Construir | Palisade Wall |
| 16:22 | Construir | Palisade Wall |
| 16:24 | Construir | Palisade Wall |
| 16:26 | Construir | Palisade Wall |
| 16:37 | Construir | Palisade Wall |
| 16:56 | Construir | Palisade Wall |
| 16:57 | Construir | Palisade Wall |
| 17:00 | Construir | Palisade Wall |
| 17:09 | Construir | Palisade Wall |
| 17:22 | Construir | Palisade Gate |
| 17:29 | Construir | Farm |
| 17:30 | Construir | Farm |
| 17:31 | Construir | Farm |
| 17:38 | Crear | Villager (Male) |
| 17:50 | Edad | Edad de los Castillos |
| 17:56 | Investigar | Bow Saw |
| 17:56 | Investigar | Bow Saw |
| 18:14 | Crear | Villager (Male) |
| 18:14 | Crear | Villager (Male) |
| 18:14 | Crear | Villager (Male) |
| 18:18 | Construir | Castle |
| 18:36 | Investigar | Bodkin Arrow |
| 18:36 | Investigar | Bodkin Arrow |
| 18:41 | Construir | Dock |
| 18:48 | Investigar | Town Watch |
| 18:49 | Crear | Villager (Male) |
| 19:04 | Crear | Villager (Male) |
| 19:07 | Construir | Farm |
| 19:09 | Construir | Farm |
| 19:10 | Construir | Farm |
| 19:18 | Crear | Rattan Archer |
| 19:18 | Crear | Rattan Archer |
| 19:18 | Crear | Rattan Archer |
| 19:20 | Construir | Farm |
| 19:24 | Investigar | Wheelbarrow |
| 19:24 | Investigar | Wheelbarrow |
| 19:26 | Crear | Rattan Archer |
| 19:27 | Crear | Rattan Archer |
| 19:32 | Construir | Farm |
| 19:33 | Crear | Rattan Archer |
| 19:33 | Crear | Rattan Archer |
| 20:01 | Crear | Rattan Archer |
| 20:01 | Crear | Rattan Archer |
| 20:06 | Crear | Villager (Male) |
| 20:06 | Crear | Villager (Male) |
| 20:06 | Crear | Villager (Male) |
| 20:07 | Crear | Villager (Male) |
| 20:08 | Investigar | Padded Archer Armor |
| 20:16 | Crear | Villager (Male) |
| 20:33 | Construir | Town Center |
| 20:34 | Crear | Rattan Archer |
| 20:35 | Crear | Rattan Archer |
| 20:35 | Crear | Rattan Archer |
| 20:44 | Crear | Rattan Archer |
| 20:44 | Crear | Rattan Archer |
| 21:03 | Crear | Villager (Male) |
| 21:10 | Investigar | Gold Mining |
| 21:11 | Crear | Villager (Male) |
| 21:14 | Crear | Rattan Archer |
| 21:14 | Crear | Rattan Archer |
| 21:15 | Crear | Rattan Archer |
| 21:36 | Crear | Villager (Male) |
| 21:47 | Construir | Palisade Wall |
| 21:48 | Construir | Palisade Wall |
| 21:53 | Crear | Rattan Archer |
| 21:53 | Crear | Rattan Archer |
| 22:03 | Crear | Villager (Male) |
Build order — Solusvod
Primeras 150 de 247 acciones detectadas
| 0:39 | Construir | Town Center |
| 1:35 | Construir | House |
| 1:40 | Construir | House |
| 1:42 | Construir | Dock |
| 3:02 | Crear | Villager (Male) |
| 3:02 | Crear | Villager (Male) |
| 3:03 | Crear | Villager (Male) |
| 3:05 | Investigar | Loom |
| 3:05 | Crear | Villager (Male) |
| 3:16 | Crear | Villager (Male) |
| 3:16 | Crear | Villager (Male) |
| 4:48 | Crear | Fishing Ship |
| 5:04 | Crear | Villager (Male) |
| 5:05 | Crear | Villager (Male) |
| 5:38 | Crear | Villager (Male) |
| 5:38 | Crear | Villager (Male) |
| 5:38 | Crear | Villager (Male) |
| 6:01 | Crear | Villager (Male) |
| 6:01 | Crear | Villager (Male) |
| 6:01 | Crear | Villager (Male) |
| 6:15 | Crear | Villager (Male) |
| 6:16 | Crear | Villager (Male) |
| 6:42 | Crear | Villager (Male) |
| 6:43 | Crear | Villager (Male) |
| 6:43 | Crear | Villager (Male) |
| 6:55 | Construir | House |
| 6:57 | Crear | Villager (Male) |
| 6:58 | Crear | Villager (Male) |
| 7:14 | Crear | Villager (Male) |
| 7:14 | Crear | Villager (Male) |
| 7:32 | Crear | Villager (Male) |
| 7:32 | Crear | Villager (Male) |
| 7:35 | Crear | Villager (Male) |
| 8:01 | Crear | Fishing Ship |
| 8:18 | Crear | Villager (Male) |
| 8:19 | Crear | Villager (Male) |
| 8:39 | Construir | House |
| 8:46 | Crear | Fishing Ship |
| 8:48 | Construir | House |
| 8:58 | Construir | Mill |
| 9:09 | Crear | Villager (Male) |
| 9:09 | Crear | Villager (Male) |
| 9:24 | Crear | Villager (Male) |
| 9:25 | Crear | Villager (Male) |
| 9:25 | Crear | Villager (Male) |
| 9:34 | Crear | Villager (Male) |
| 9:34 | Crear | Villager (Male) |
| 9:34 | Crear | Villager (Male) |
| 9:51 | Crear | Villager (Male) |
| 9:51 | Crear | Villager (Male) |
| 10:18 | Crear | Villager (Male) |
| 10:18 | Crear | Villager (Male) |
| 10:24 | Construir | House |
| 11:07 | Crear | Villager (Male) |
| 11:09 | Construir | Mill |
| 11:11 | Crear | Villager (Male) |
| 11:11 | Crear | Villager (Male) |
| 11:20 | Construir | House |
| 11:38 | Construir | Mining Camp |
| 11:40 | Crear | Villager (Male) |
| 11:40 | Crear | Villager (Male) |
| 11:50 | Construir | House |
| 12:10 | Construir | House |
| 12:16 | Construir | House |
| 12:19 | Construir | House |
| 12:25 | Crear | Villager (Male) |
| 12:25 | Crear | Villager (Male) |
| 12:27 | Construir | House |
| 12:33 | Crear | Villager (Male) |
| 12:41 | Crear | Fishing Ship |
| 12:46 | Crear | Villager (Male) |
| 13:36 | Construir | House |
| 13:39 | Investigar | Feudal Age |
| 14:10 | Construir | Mill |
| 14:39 | Construir | Farm |
| 14:40 | Construir | Farm |
| 14:45 | Crear | Fishing Ship |
| 15:49 | Edad | Edad Feudal |
| 15:58 | Construir | Market |
| 16:01 | Construir | Blacksmith |
| 16:04 | Crear | Villager (Male) |
| 16:04 | Crear | Villager (Male) |
| 16:35 | Construir | House |
| 16:37 | Construir | House |
| 16:39 | Construir | House |
| 16:42 | Construir | Palisade Wall |
| 16:45 | Crear | Villager (Male) |
| 16:46 | Crear | Villager (Male) |
| 16:58 | Construir | Lumber Camp |
| 17:01 | Investigar | Castle Age |
| 17:32 | Investigar | Double-Bit Axe |
| 17:41 | Construir | Palisade Wall |
| 18:03 | Construir | Palisade Wall |
| 18:18 | Construir | Palisade Wall |
| 18:38 | Investigar | Horse Collar |
| 19:22 | Construir | Palisade Wall |
| 19:38 | Construir | Farm |
| 19:40 | Construir | Farm |
| 20:04 | Edad | Edad de los Castillos |
| 20:11 | Crear | Villager (Male) |
| 20:11 | Crear | Villager (Male) |
| 20:22 | Construir | Castle |
| 20:28 | Construir | Farm |
| 20:31 | Crear | Villager (Male) |
| 20:39 | Construir | Town Center |
| 20:43 | Construir | Palisade Wall |
| 20:50 | Crear | Villager (Male) |
| 20:51 | Crear | Villager (Male) |
| 21:06 | Crear | Villager (Male) |
| 21:07 | Crear | Villager (Male) |
| 21:37 | Construir | Mining Camp |
| 21:38 | Crear | Villager (Male) |
| 21:38 | Crear | Villager (Male) |
| 21:45 | Crear | Villager (Male) |
| 22:01 | Crear | Fishing Ship |
| 22:03 | Crear | Villager (Male) |
| 22:03 | Crear | Villager (Male) |
| 22:19 | Crear | Villager (Male) |
| 22:19 | Crear | Villager (Male) |
| 22:22 | Investigar | Gold Mining |
| 22:27 | Crear | Mangudai |
| 22:27 | Crear | Mangudai |
| 22:27 | Crear | Mangudai |
| 22:36 | Construir | Farm |
| 22:41 | Crear | Villager (Male) |
| 22:53 | Crear | Villager (Male) |
| 22:53 | Crear | Villager (Male) |
| 22:59 | Crear | Villager (Male) |
| 23:05 | Crear | Mangudai |
| 23:05 | Crear | Mangudai |
| 23:05 | Crear | Mangudai |
| 23:12 | Crear | Mangudai |
| 23:12 | Crear | Mangudai |
| 23:27 | Construir | Siege Workshop |
| 23:47 | Crear | Villager (Male) |
| 23:47 | Crear | Villager (Male) |
| 23:47 | Crear | Villager (Male) |
| 24:18 | Crear | Villager (Male) |
| 24:19 | Crear | Villager (Male) |
| 24:25 | Crear | Battering Ram |
| 24:26 | Crear | Battering Ram |
| 24:30 | Crear | Battering Ram |
| 24:33 | Crear | Villager (Male) |
| 24:33 | Crear | Villager (Male) |
| 24:37 | Construir | Farm |
| 24:39 | Construir | Farm |
| 24:41 | Construir | Farm |
| 24:44 | Construir | Farm |
| 24:46 | Crear | Villager (Male) |
| 24:46 | Crear | Villager (Male) |
Build order — 中方县最后一个老实人
137 acciones detectadas en el replay
| 0:12 | Construir | House |
| 0:36 | Construir | Town Center |
| 1:00 | Construir | Dock |
| 2:42 | Crear | Villager (Male) |
| 2:43 | Crear | Villager (Male) |
| 2:51 | Crear | Villager (Male) |
| 2:52 | Crear | Villager (Male) |
| 3:41 | Construir | House |
| 4:02 | Construir | House |
| 4:12 | Crear | Fishing Ship |
| 4:20 | Crear | Villager (Male) |
| 4:43 | Crear | Villager (Male) |
| 4:44 | Crear | Villager (Male) |
| 4:52 | Construir | House |
| 5:15 | Crear | Villager (Male) |
| 5:42 | Crear | Villager (Male) |
| 5:42 | Crear | Villager (Male) |
| 5:56 | Construir | House |
| 6:11 | Crear | Fishing Ship |
| 6:14 | Crear | Villager (Male) |
| 6:14 | Crear | Villager (Male) |
| 6:40 | Crear | Villager (Male) |
| 6:40 | Crear | Villager (Male) |
| 6:59 | Crear | Villager (Male) |
| 6:59 | Crear | Villager (Male) |
| 7:06 | Crear | Fishing Ship |
| 7:09 | Construir | House |
| 7:18 | Crear | Villager (Male) |
| 7:43 | Construir | House |
| 7:50 | Crear | Villager (Male) |
| 7:56 | Construir | House |
| 8:09 | Crear | Villager (Male) |
| 8:12 | Construir | House |
| 8:30 | Construir | Mill |
| 8:43 | Crear | Villager (Male) |
| 9:13 | Crear | Villager (Male) |
| 9:33 | Crear | Villager (Male) |
| 10:06 | Crear | Villager (Male) |
| 10:35 | Crear | Villager (Male) |
| 10:48 | Construir | Barracks |
| 11:02 | Investigar | Feudal Age |
| 12:15 | Construir | House |
| 13:01 | Crear | Villager (Male) |
| 13:01 | Crear | Villager (Male) |
| 13:12 | Edad | Edad Feudal |
| 13:13 | Construir | Stable |
| 13:19 | Investigar | Loom |
| 13:20 | Investigar | Loom |
| 13:24 | Crear | Villager (Male) |
| 13:45 | Construir | House |
| 13:55 | Construir | Blacksmith |
| 14:01 | Crear | Scout Cavalry |
| 14:01 | Crear | Scout Cavalry |
| 14:01 | Crear | Scout Cavalry |
| 14:01 | Crear | Scout Cavalry |
| 14:04 | Crear | Villager (Male) |
| 14:26 | Crear | Villager (Male) |
| 15:00 | Crear | Villager (Male) |
| 15:17 | Crear | Unit 2626 |
| 15:24 | Crear | Villager (Male) |
| 15:30 | Construir | House |
| 15:48 | Investigar | Town Watch |
| 15:48 | Investigar | Town Watch |
| 15:49 | Crear | Villager (Male) |
| 15:54 | Construir | House |
| 15:56 | Construir | House |
| 16:02 | Construir | Farm |
| 16:04 | Construir | Farm |
| 16:13 | Crear | Scout Cavalry |
| 16:21 | Investigar | Scale Barding Armor |
| 16:26 | Crear | Scout Cavalry |
| 16:41 | Crear | Villager (Male) |
| 16:41 | Crear | Villager (Male) |
| 16:49 | Crear | Villager (Male) |
| 16:50 | Crear | Villager (Male) |
| 16:52 | Construir | Farm |
| 16:54 | Construir | Farm |
| 17:21 | Crear | Scout Cavalry |
| 17:22 | Crear | Villager (Male) |
| 17:23 | Crear | Villager (Male) |
| 17:26 | Construir | Farm |
| 17:27 | Construir | Farm |
| 17:27 | Construir | Farm |
| 17:27 | Construir | Farm |
| 17:27 | Construir | Farm |
| 17:28 | Construir | Farm |
| 17:36 | Crear | Villager (Male) |
| 19:05 | Investigar | Castle Age |
| 19:19 | Construir | Lumber Camp |
| 19:27 | Construir | Lumber Camp |
| 20:01 | Construir | House |
| 20:07 | Investigar | Double-Bit Axe |
| 20:22 | Construir | House |
| 20:25 | Construir | House |
| 21:03 | Construir | Mining Camp |
| 21:30 | Investigar | Bloodlines |
| 21:30 | Investigar | Bloodlines |
| 21:51 | Edad | Edad de los Castillos |
| 22:00 | Construir | Town Center |
| 22:24 | Construir | Palisade Gate |
| 22:27 | Construir | Palisade Wall |
| 22:28 | Construir | Palisade Wall |
| 22:32 | Construir | Palisade Gate |
| 22:40 | Crear | Villager (Male) |
| 22:50 | Crear | Villager (Male) |
| 23:57 | Construir | Monastery |
| 24:28 | Crear | Monk |
| 24:38 | Crear | Villager (Male) |
| 24:38 | Crear | Villager (Male) |
| 24:38 | Crear | Villager (Male) |
| 24:38 | Crear | Villager (Male) |
| 24:39 | Crear | Villager (Male) |
| 24:39 | Crear | Villager (Male) |
| 24:39 | Crear | Villager (Male) |
| 24:42 | Crear | Villager (Male) |
| 24:47 | Investigar | Light Cavalry (upgrade) |
| 24:48 | Investigar | Chain Barding Armor |
| 24:58 | Crear | Villager (Male) |
| 24:59 | Crear | Villager (Male) |
| 25:02 | Crear | Monk |
| 25:03 | Crear | Monk |
| 25:59 | Crear | Monk |
| 26:24 | Construir | Siege Workshop |
| 26:33 | Crear | Scout Cavalry |
| 26:33 | Crear | Scout Cavalry |
| 27:18 | Crear | Villager (Male) |
| 27:18 | Crear | Villager (Male) |
| 27:18 | Crear | Villager (Male) |
| 27:20 | Construir | Farm |
| 27:20 | Construir | Farm |
| 27:21 | Construir | Farm |
| 27:21 | Construir | Farm |
| 27:21 | Construir | Farm |
| 28:47 | Crear | Villager (Male) |
| 28:47 | Crear | Villager (Male) |
| 28:47 | Crear | Villager (Male) |
| 29:37 | Construir | Lumber Camp |
Build order — HaraKiri
Primeras 150 de 321 acciones detectadas
| 0:14 | Construir | Town Center |
| 2:14 | Construir | Dock |
| 2:17 | Construir | House |
| 2:31 | Crear | Villager (Male) |
| 2:31 | Crear | Villager (Male) |
| 2:31 | Crear | Villager (Male) |
| 2:32 | Crear | Villager (Male) |
| 3:53 | Crear | Fishing Ship |
| 4:08 | Investigar | Loom |
| 4:08 | Investigar | Loom |
| 4:29 | Crear | Villager (Male) |
| 4:29 | Crear | Villager (Male) |
| 4:40 | Construir | House |
| 5:08 | Crear | Villager (Male) |
| 5:08 | Crear | Villager (Male) |
| 5:10 | Crear | Fishing Ship |
| 5:41 | Crear | Villager (Male) |
| 5:42 | Crear | Villager (Male) |
| 5:51 | Construir | Palisade Wall |
| 6:05 | Crear | Villager (Male) |
| 6:06 | Crear | Villager (Male) |
| 6:09 | Construir | House |
| 6:30 | Crear | Villager (Male) |
| 6:44 | Crear | Villager (Male) |
| 7:05 | Crear | Villager (Male) |
| 7:05 | Crear | Villager (Male) |
| 7:26 | Crear | Villager (Male) |
| 7:35 | Crear | Fishing Ship |
| 7:35 | Crear | Fishing Ship |
| 7:43 | Crear | Villager (Male) |
| 7:43 | Crear | Villager (Male) |
| 7:52 | Construir | House |
| 8:06 | Construir | Palisade Gate |
| 8:10 | Construir | Palisade Gate |
| 8:17 | Crear | Villager (Male) |
| 8:17 | Crear | Villager (Male) |
| 8:28 | Crear | Fishing Ship |
| 8:30 | Crear | Villager (Male) |
| 8:45 | Construir | House |
| 8:49 | Crear | Fishing Ship |
| 8:54 | Crear | Villager (Male) |
| 8:55 | Crear | Villager (Male) |
| 9:05 | Crear | Villager (Male) |
| 9:07 | Crear | Villager (Male) |
| 9:41 | Construir | Palisade Wall |
| 9:46 | Construir | House |
| 9:55 | Crear | Villager (Male) |
| 9:59 | Crear | Villager (Male) |
| 10:12 | Crear | Fishing Ship |
| 10:15 | Crear | Villager (Male) |
| 10:28 | Crear | Villager (Male) |
| 10:31 | Crear | Villager (Male) |
| 10:31 | Crear | Villager (Male) |
| 10:34 | Crear | Villager (Male) |
| 10:34 | Crear | Villager (Male) |
| 10:38 | Construir | Palisade Wall |
| 10:43 | Construir | Palisade Wall |
| 11:07 | Crear | Fishing Ship |
| 11:11 | Construir | Lumber Camp |
| 11:12 | Crear | Villager (Male) |
| 11:17 | Construir | Mining Camp |
| 11:22 | Crear | Villager (Male) |
| 11:24 | Crear | Fishing Ship |
| 11:36 | Construir | House |
| 11:43 | Crear | Villager (Male) |
| 12:04 | Construir | Palisade Wall |
| 12:08 | Crear | Villager (Male) |
| 12:21 | Crear | Villager (Male) |
| 12:34 | Crear | Fishing Ship |
| 12:36 | Investigar | Feudal Age |
| 12:36 | Investigar | Feudal Age |
| 12:46 | Construir | Dock |
| 12:58 | Construir | House |
| 13:18 | Crear | Fishing Ship |
| 13:18 | Crear | Fishing Ship |
| 13:28 | Crear | Fishing Ship |
| 13:52 | Construir | Mill |
| 14:11 | Construir | Mining Camp |
| 14:12 | Crear | Villager (Male) |
| 14:56 | Edad | Edad Feudal |
| 15:01 | Construir | Market |
| 15:14 | Construir | Blacksmith |
| 15:26 | Crear | Villager (Male) |
| 15:31 | Investigar | Double-Bit Axe |
| 15:31 | Investigar | Double-Bit Axe |
| 15:38 | Construir | Gate |
| 15:47 | Crear | Fishing Ship |
| 15:47 | Crear | Fishing Ship |
| 15:56 | Investigar | Castle Age |
| 15:57 | Investigar | Castle Age |
| 16:09 | Investigar | Horse Collar |
| 16:09 | Investigar | Horse Collar |
| 16:47 | Investigar | Gold Mining |
| 16:48 | Investigar | Stone Mining |
| 16:48 | Investigar | Stone Mining |
| 16:54 | Investigar | Tech 906 |
| 16:54 | Investigar | Tech 906 |
| 17:00 | Construir | House |
| 17:02 | Construir | Stone Wall |
| 17:05 | Construir | Stone Wall |
| 17:06 | Construir | Stone Wall |
| 17:08 | Crear | Villager (Male) |
| 17:08 | Crear | Villager (Male) |
| 17:17 | Crear | Villager (Male) |
| 17:27 | Construir | House |
| 17:28 | Construir | House |
| 17:33 | Construir | House |
| 17:35 | Construir | House |
| 17:41 | Construir | Stone Wall |
| 17:46 | Crear | Unit 2626 |
| 17:46 | Crear | Unit 2626 |
| 17:50 | Crear | Villager (Male) |
| 18:05 | Crear | Villager (Male) |
| 18:25 | Investigar | Scale Barding Armor |
| 18:25 | Investigar | Scale Barding Armor |
| 18:36 | Edad | Edad de los Castillos |
| 18:45 | Construir | Castle |
| 18:47 | Investigar | Bow Saw |
| 18:50 | Investigar | Heavy Plow |
| 18:50 | Investigar | Heavy Plow |
| 19:01 | Investigar | Gillnets |
| 19:01 | Investigar | Gillnets |
| 19:14 | Crear | Villager (Male) |
| 19:33 | Crear | Villager (Male) |
| 19:47 | Investigar | Wheelbarrow |
| 19:47 | Investigar | Wheelbarrow |
| 19:57 | Crear | Unit 1949 |
| 19:57 | Crear | Unit 1949 |
| 20:27 | Crear | Fishing Ship |
| 20:28 | Crear | Fishing Ship |
| 20:33 | Crear | Unit 1949 |
| 20:33 | Crear | Unit 1949 |
| 20:41 | Crear | Unit 1949 |
| 20:41 | Crear | Unit 1949 |
| 20:43 | Crear | Villager (Male) |
| 20:50 | Investigar | Town Watch |
| 20:58 | Investigar | Forging |
| 20:58 | Investigar | Forging |
| 21:00 | Crear | Villager (Male) |
| 21:02 | Crear | Unit 1949 |
| 21:03 | Crear | Unit 1949 |
| 21:13 | Crear | Villager (Male) |
| 21:14 | Crear | Villager (Male) |
| 21:16 | Construir | Outpost |
| 21:20 | Crear | Villager (Male) |
| 21:21 | Crear | Villager (Male) |
| 21:35 | Crear | Villager (Male) |
| 21:35 | Crear | Villager (Male) |
| 21:44 | Construir | Siege Workshop |
| 21:44 | Crear | Villager (Male) |
Cronología de la partida
| 0:25 | aunclelikegod02 · first_building Dock |
| 0:26 | ツ Xuma · first_building Dock |
| 1:00 | 中方县最后一个老实人 · first_building Dock |
| 1:42 | Solusvod · first_building Dock |
| 1:49 | tukoo · first_building Dock |
| 1:55 | tukoo · wall_segment Palisade Wall x1 |
| 1:57 | tukoo · wall_segment Palisade Wall x1 |
| 2:14 | HaraKiri · first_building Dock |
| 3:52 | aunclelikegod02 · wall_segment Palisade Wall x1 |
| 3:53 | aunclelikegod02 · wall_segment Palisade Wall x1 |
| 5:51 | HaraKiri · wall_segment Palisade Wall x1 |
| 9:41 | HaraKiri · wall_segment Palisade Wall x11 |
| 10:38 | HaraKiri · wall_segment Palisade Wall x10 |
| 10:43 | HaraKiri · wall_segment Palisade Wall x14 |
| 10:48 | 中方县最后一个老实人 · first_building Barracks |
| 12:04 | HaraKiri · wall_segment Palisade Wall x1 |
| 12:38 | tukoo · wall_segment Palisade Wall x11 |
| 13:05 | ツ Xuma · age_up feudal |
| 13:12 | 中方县最后一个老实人 · age_up feudal |
| 13:13 | 中方县最后一个老实人 · first_building Stable |
| 13:23 | ツ Xuma · wall_segment Palisade Wall x1 |
| 14:03 | aunclelikegod02 · age_up feudal |
| 14:45 | tukoo · age_up feudal |
| 14:54 | tukoo · wall_segment Palisade Wall x1 |
| 14:56 | HaraKiri · age_up feudal |
| 15:49 | Solusvod · age_up feudal |
| 15:57 | tukoo · wall_segment Stone Wall x8 |
| 15:58 | tukoo · wall_segment Stone Wall x3 |
| 16:13 | ツ Xuma · wall_segment Palisade Wall x1 |
| 16:14 | ツ Xuma · wall_segment Palisade Wall x1 |
| 16:21 | ツ Xuma · wall_segment Palisade Wall x1 |
| 16:22 | ツ Xuma · wall_segment Palisade Wall x1 |
| 16:24 | ツ Xuma · wall_segment Palisade Wall x1 |
| 16:26 | ツ Xuma · wall_segment Palisade Wall x1 |
| 16:37 | ツ Xuma · wall_segment Palisade Wall x1 |
| 16:42 | Solusvod · wall_segment Palisade Wall x1 |
| 16:56 | ツ Xuma · wall_segment Palisade Wall x1 |
| 16:57 | ツ Xuma · wall_segment Palisade Wall x1 |
| 17:00 | ツ Xuma · wall_segment Palisade Wall x1 |
| 17:00 | Solusvod · first_market_sell 100 food |
| 17:02 | HaraKiri · wall_segment Stone Wall x6 |
| 17:05 | HaraKiri · wall_segment Stone Wall x1 |
| 17:06 | HaraKiri · wall_segment Stone Wall x1 |
| 17:09 | aunclelikegod02 · first_building Barracks |
| 17:09 | ツ Xuma · wall_segment Palisade Wall x1 |
| 17:41 | HaraKiri · wall_segment Stone Wall x14 |
| 17:41 | Solusvod · wall_segment Palisade Wall x5 |
| 17:50 | ツ Xuma · age_up castle |
| 17:58 | aunclelikegod02 · age_up castle |
| 17:59 | aunclelikegod02 · first_building Monastery |
| 18:03 | Solusvod · wall_segment Palisade Wall x9 |
| 18:18 | ツ Xuma · first_building Castle |
| 18:18 | Solusvod · wall_segment Palisade Wall x7 |
| 18:23 | HaraKiri · first_market_buy 100 stone |
| 18:36 | HaraKiri · age_up castle |
| 18:45 | HaraKiri · first_building Castle |
| 19:22 | Solusvod · wall_segment Palisade Wall x6 |
| 19:30 | tukoo · age_up castle |
| 20:04 | Solusvod · age_up castle |
| 20:16 | tukoo · wall_segment Stone Wall x4 |
| 20:17 | tukoo · wall_segment Stone Wall x2 |
| 20:18 | tukoo · wall_segment Stone Wall x4 |
| 20:22 | Solusvod · first_building Castle |
| 20:43 | Solusvod · wall_segment Palisade Wall x1 |
| 21:44 | HaraKiri · first_building Siege Workshop |
| 21:47 | ツ Xuma · wall_segment Palisade Wall x1 |
| 21:48 | ツ Xuma · wall_segment Palisade Wall x1 |
| 21:51 | 中方县最后一个老实人 · age_up castle |
| 22:01 | tukoo · wall_segment Stone Wall x1 |
| 22:27 | 中方县最后一个老实人 · wall_segment Palisade Wall x1 |
| 22:28 | 中方县最后一个老实人 · wall_segment Palisade Wall x1 |
| 22:34 | tukoo · wall_segment Stone Wall x1 |
| 22:35 | tukoo · wall_segment Stone Wall x1 |
| 23:19 | HaraKiri · first_building Monastery |
| 23:27 | tukoo · first_market_buy 100 stone |
| 23:27 | Solusvod · first_building Siege Workshop |
| 23:40 | tukoo · first_building Castle |
| 23:45 | aunclelikegod02 · first_building Siege Workshop |
| 23:57 | 中方县最后一个老实人 · first_building Monastery |
| 24:09 | tukoo · first_building Siege Workshop |
| 24:30 | tukoo · wall_segment Stone Wall x1 |
| 24:40 | HaraKiri · first_market_sell 500 wood |
| 25:06 | tukoo · wall_segment Stone Wall x1 |
| 25:53 | tukoo · first_building Barracks |
| 26:24 | 中方县最后一个老实人 · first_building Siege Workshop |
| 28:08 | ツ Xuma · first_market_sell 100 wood |
| 28:32 | aunclelikegod02 · age_up imperial |
| 28:34 | tukoo · first_market_sell 100 wood |
| 28:41 | tukoo · first_building Stable |
| 29:44 | aunclelikegod02 · first_building Castle |
| 29:59 | 中方县最后一个老实人 · resign |
| 31:38 | ツ Xuma · age_up imperial |
| 32:25 | HaraKiri · first_building Barracks |
[ ANÁLISIS IA · 1 CRÉDITO ]
¿Qué pasó realmente en esta partida?
Wolo.gg analiza cada decisión: build order, eco, micro, errores típicos por bracket. Análisis personalizado por WhatsApp o Discord en 30 segundos.
Guía civ
Borgoñones
Perfil
Jugador #9767333